 Dungeon Crawl Stone Soup version 0.23-a0-169-gb21e695 (webtiles) character file.

29 digijack the Chucker (level 3, -20/30 HPs)
             Began as a Draconian Hunter on Sept 11, 2018.
             Killed from afar by a kobold (41 damage)
             ... with an exploding inner flame
             ... hexed by the player character
             ... on level 2 of the Dungeon.
             The game lasted 00:04:49 (606 turns).

digijack the Chucker (Draconian Hunter)              Turns: 606, Time: 00:04:50

Health: -20/30     AC:  5    Str: 14    XL:     3   Next: 1%
Magic:  3/3        EV: 12    Int: 11    God:
Gold:   58         SH:  2    Dex: 12    Spells: 2/2 levels left

rFire    . . .     SeeInvis .   k - +0 hand axe
rCold    . . .     Gourm    .   (no shield)
rNeg     . . .     Faith    .   (armour unavailable)
rPois    .         Spirit   .   (helmet restricted)
rElec    .         Reflect  +   (no cloak)
rCorr    .         Harm     .   (no gloves)
MR       .....                  (no boots)
Stlth    ..........             e - +2 amulet of reflection
HPRegen  0.10/turn              g - ring of attention (curse)
MPRegen  0.08/turn              (no ring)

@: no status effects
A: unfitting armour, cold-blooded, AC +5
a: no special abilities


You were on level 2 of the Dungeon.
You were not hungry.

You visited 1 branch of the dungeon, and saw 2 of its levels.

You collected 58 gold pieces.

Inventory:

Hand Weapons
 k - a +0 hand axe (weapon)
Missiles
 b - 6 javelins (quivered)
 c - 2 throwing nets
 f - 42 stones
Jewellery
 e - a +2 amulet of reflection (around neck)
 g - a cursed ring of attention (left hand)
 j - an uncursed ring of fire
Potions
 i - a potion of invisibility
Comestibles
 d - 3 rations
 h - 2 chunks of flesh


   Skills:
 + Level 2.8 Fighting
 + Level 4.0 Throwing
 + Level 2.3 Dodging
 - Level 0.8 Stealth


You had 2 spell levels left.
You didn't know any spells.
Your spell library was empty.

Dungeon Overview and Level Annotations

Branches:
Dungeon (2/15)

Altars:


Innate Abilities, Weirdness & Mutations

Your plain brown scales are hard. (AC +5)
You cannot fit into any form of body armour.
You are cold-blooded and may be slowed by cold attacks.


Message History

You closely miss the kobold. The kobold hits you with a dagger. x2
You closely miss the kobold. The kobold completely misses you.
You closely miss the kobold. The kobold closely misses you.
You barely miss the kobold. The kobold hits you with a dagger.
The kobold hits you but does no damage.
You hit the kobold but do no damage. The kobold misses you.
You slash the kobold!
The kobold explodes!
The fiery explosion engulfs the rat.
The rat explodes!
You hear an explosion!
You have reached level 3!
Your experience leads to an increase in your attributes!
Increase (S)trength, (I)ntelligence, or (D)exterity?
You feel agile.
Your scales feel tougher.
You feel a bit more experienced.
Your Throwing skill increases to level 4!
The fiery explosion engulfs you!
Ouch! That really hurt!
You die...

..%...#. .....#.
....#. ..§#.###
###### §§....
#....# #§
#.#####.##.####.
#§##.......#...)...
#§@.....####..####.
#######.#.....#
#.....#...#
###.#.###.#
#<......# #.##.####
#.. .# #..### ...#


There were no monsters in sight!

Vanquished Creatures
  An adder (D:2)
  A leopard gecko (D:1)
  A giant cockroach (D:1)
  4 goblins (D:1)
  3 hobgoblins
  5 bats (D:1)
  3 rats
18 creatures vanquished.

Notes
Turn   | Place    | Note
-------+----------+-------------------------------------------
     0 | D:1      | digijack the Draconian Hunter began the quest for the Orb.
     0 | D:1      | Reached XP level 1. HP: 17/17 MP: 1/1
   237 | D:1      | Reached XP level 2. HP: 25/25 MP: 2/2
   606 | D:2      | Reached XP level 3. HP: 21/30 MP: 3/3
   606 | D:2      | Reached skill level 4 in Throwing
   606 | D:2      | Killed from afar by a kobold

Vault maps used:
D:1:      dpeg_arrival_castle
D:2:      wad_lake_hut

Skill      XL: |  1  2  3 |
---------------+----------+-----
Dodging        | 2 |  2.3
Throwing       | 4 |  4.0
Fighting       | |  2.8
Stealth        | |  0.8

Action                   || total
-------------------------++-------
Melee: Short sword       ||    41
       Tailslap          ||     5
       Hand axe          ||    11
  Use: Potion            ||     5
       Scroll            ||     2
 Stab: Sleeping          ||     1
Armor: Skin              ||     8
Dodge: Dodged            ||    32
Block: Other             ||     1

Table legend:
 A = Non-vault XP
 B = Vault XP
 C = Vault XP percentage of total XP
 D = Non-vault monster count
 E = Vault monster count
 F = Vault count percentage of total count
                 A         B        C        D         E       F
            +---------+---------+-------+---------+---------+-------
      Total |      42 |       0 |   0.0 |      18 |       0 |   0.0
            +---------+---------+-------+---------+---------+-------
        D:1 |      23 |       0 |   0.0 |      14 |       0 |   0.0
        D:2 |      19 |       0 |   0.0 |       4 |       0 |   0.0
            +---------+---------+-------+---------+---------+-------
